 Dungeon Crawl Stone Soup version 0.26-a0-812-g31a745ddcd (webtiles) character file.

Game seed: 13328903002158467029

490 marklar909 the Sneak (level 6, -3/70 HPs)
             Began as a Draconian Enchanter on Nov 14, 2020.
             Was a Follower of Dithmenos.
             Killed by divine providence
             ... invoked by an orc priest
              (12 damage)
             ... on level 3 of the Dungeon.
             The game lasted 00:06:28 (4622 turns).

marklar909 the Sneak (Draconian Enchanter)          Turns: 4622, Time: 00:06:28

Health: -3/70      AC: 23    Str:  9 (10) XL:     6   Next: 90%
Magic:  0/11       EV:  2    Int: 14 (16) God:    Dithmenos [*.....]
Gold:   106        SH:  0    Dex: 11 (13) Spells: 3/12 levels left

rFire    . . .     SeeInvis +   c - +1 dagger (venom)
rCold    . . .     Faith    .   (no shield)
rNeg     + + +     Spirit   .   (armour unavailable)
rPois    +         Reflect  .   (helmet currently unavailable)
rElec    .         Harm     .   (cloak currently unavailable)
rCorr    .         Rampage  .   (gloves currently unavailable)
MR       .....     NoTele   +   (boots currently unavailable)
Stlth    +++.......             (no amulet)
HPRegen  0.21/turn              h - ring of see invisible
MPRegen  0.12/turn              (no ring)

@: tree-form, wreathed by umbra
A: unfitting armour, AC +6
a: Renounce Religion


You were on level 3 of the Dungeon.
You worshipped Dithmenos.
Dithmenos was aware of your devotion.
You were a tree.
You visited 1 branch of the dungeon, and saw 3 of its levels.

You collected 106 gold pieces.

Inventory:

Hand Weapons
 c - a +1 dagger of venom (weapon)
 f - a +4 short sword
Armour
 k - a +0 pair of boots (melded)
Jewellery
 h - a ring of see invisible (left branch)
Wands
 j - a wand of flame (12)
Scrolls
 b - 2 scrolls of identify
 d - a scroll of magic mapping {unknown}
 i - a scroll of enchant weapon {unknown}
 l - a scroll of amnesia {unknown}
Potions
 a - a potion of mutation


   Skills:
 + Level 1.1 Fighting
 + Level 2.4 Short Blades
 + Level 2.4 Dodging
 + Level 4.1 Stealth
 + Level 3.9 Spellcasting
 + Level 3.9 Hexes
 + Level 2.1 Ice Magic


You had 3 spell levels left.
You knew the following spells:

 Your Spells              Type           Power        Failure   Level
a - Corona                Hex            ##.....      3%          1
b - Ensorcelled Hibernat  Hex/Ice        ##....       9%          2
c - Confusing Touch       Hex            ##......     12%         3
d - Tukima's Dance        Hex            ##......     12%         3

Your spell library contained the following spells:

 Spells                   Type           Power        Failure   Level
 Dazzling Flash           Conj/Hex       #.....       26%         3


Dungeon Overview and Level Annotations

Branches:
Dungeon (3/15)

Altars:
Ashenzari
Dithmenos
Gozag
Hepliaklqana
Nemelex Xobeh
Okawaru
Qazlal
Trog
Vehumet
Yredelemnul

Annotations:
D:3 Whiskey's ghost, amateur OpTm


Innate Abilities, Weirdness & Mutations

((Your plain brown scales are hard. (AC +6)))
You cannot fit into any form of body armour.
((You are cold-blooded and may be slowed by cold attacks.))


Message History

Evoke which item? (* to show all) (? for menu, Esc to quit)
Okay, then.
Okay, then.
Casting: Ensorcelled Hibernation (safe; 8% risk of failure)
Confirm with . or Enter, or press ? or * to list all spells.
You don't have enough magic to cast that spell.
Unknown command.
Casting: Ensorcelled Hibernation (safe; 8% risk of failure)
Confirm with . or Enter, or press ? or * to list all spells.
Okay, then.
It was a potion of lignification.
You turn into a tree.
Your +0 pair of boots melds into your body.
Your roots penetrate the ground.
The orc priest hits you but does no damage.
It was a potion of degeneration.
There was something very wrong with that liquid.
You feel weakened.
You feel dopey.
You feel clumsy.
The orc priest calls down the wrath of Beogh upon you.
Beogh smites you!
You die...

#.. #.# #.# ########.# .........#
#.#######..# #.#.........
###############.#.###.....
........o♣................
######.#######.#...#.....
#..?o###....#...#.....
######.##..##.##.#...#.....
#.#####.....)..o...........#.....
#....o.o#................#.......
######W..##......o.....##........
#...#.#....o.....#.#.......#
#....#.##......##.#........


You could see an orc priest (very poisoned).

Vanquished Creatures
  Sigmund (D:2)
  A bullfrog (D:1)
  Ijyb (D:3)
  An orc wizard (D:3)
  Robin (D:3)
  8 adders
  2 oozes (D:2)
  5 worms
  2 dart slugs
  3 leopard geckos
  13 orcs (D:3)
  7 bats
  3 giant cockroaches
  11 goblins
  14 hobgoblins
  4 jackals (D:1)
  4 kobolds
  2 quokkas
  4 frilled lizards
  8 rats
95 creatures vanquished.

Vanquished Creatures (others)
  15 plants (D:2)
15 creatures vanquished.

Grand Total: 110 creatures vanquished

Notes
Turn   | Place    | Note
-------+----------+-------------------------------------------
     0 | D:1      | marklar909 the Draconian Enchanter began the quest for the
                  | Orb.
     0 | D:1      | Reached XP level 1. HP: 14/14 MP: 3/3
   520 | D:1      | Reached skill level 3 in Stealth
   520 | D:1      | Reached XP level 2. HP: 18/20 MP: 3/5
  1226 | D:1      | Learned a level 2 spell: Ensorcelled Hibernation
  1285 | D:1      | Reached XP level 3. HP: 26/26 MP: 7/7
  1472 | D:2      | Found a basalt altar of Yredelemnul.
  1472 | D:2      | Noticed a bullfrog
  1497 | D:1      | Killed a bullfrog
  1497 | D:1      | Reached XP level 4. HP: 4/34 MP: 1/8
  2382 | D:2      | Found a bloodstained altar of Trog.
  2435 | D:2      | Found an iron altar of Okawaru.
  2438 | D:2      | Found a radiant altar of Vehumet.
  2451 | D:2      | Found a stormy altar of Qazlal.
  2522 | D:2      | Found a sparkling altar of Nemelex Xobeh.
  2743 | D:2      | Found an opulent altar of Gozag.
  2752 | D:2      | Reached XP level 5. HP: 39/39 MP: 2/9
  2867 | D:2      | Noticed Sigmund
  2893 | D:2      | Learned a level 3 spell: Confusing Touch
  3210 | D:2      | Reached skill level 1 in Ice Magic
  3463 | D:2      | Found a hazy altar of Hepliaklqana.
  3466 | D:2      | Found a shadowy altar of Dithmenos.
  3466 | D:2      | Noticed a shadow
  3499 | D:2      | Killed Sigmund
  3499 | D:2      | Reached XP level 6. HP: 33/46 MP: 2/11
  3745 | D:2      | Became a worshipper of Dithmenos the Shadowed
  4110 | D:3      | Found a broken altar of Ashenzari.
  4173 | D:3      | Noticed Robin
  4194 | D:3      | Killed Robin
  4395 | D:3      | Noticed Ijyb
  4402 | D:3      | Killed Ijyb
  4402 | D:3      | Reached skill level 4 in Stealth
  4456 | D:3      | Noticed Whiskey's ghost (amateur OpTm)
  4483 | D:3      | Learned a level 3 spell: Tukima's Dance
  4564 | D:3      | Reached * piety under Dithmenos
  4582 | D:3      | Reached skill level 1 in Fighting
  4622 | D:3      | Killed from afar by an orc priest

Illustrated notes

Levels and vault maps discovered:
D:1:      minmay_arrival_jagged, layout_basic
D:2:      minmay_wonky_spiral, layout_basic,
          riverfiend_overflow_shadow_ancestor, nicolae_gozag_seed_capital,
          nicolae_overflow_hidden_temple, yredelemnul_altar_generic,
          nicolae_overflow_crystal_walls, nemelex_altar_shiori, serial_forest,
          infiniplex_forest_clump_small, infiniplex_forest_pool,
          infiniplex_forest_lined_room_, infiniplex_forest_clump_double,
          infiniplex_forest_zigzag_1, infiniplex_forest_lined_3,
          infiniplex_forest_clump_long, uniq_sigmund
D:3:      layout_basic, marbit_many_paths, gammafunk_ghost_icy,
          minmay_misc_feat_secret_circle, nicolae_ashenzari_panopticon,
          uniq_robin, uniq_ijyb

Skill      XL: |  1  2  3  4  5  6 |
---------------+-------------------+-----
Stealth        | 3 4 |  4.1
Dodging        | 2 |  2.4
Spellcasting   | 3 |  3.9
Hexes          | 3 |  3.9
Ice Magic      | 2 |  2.1
Short Blades   | 2 |  2.4
Fighting       | 1 |  1.1

Action                   |  1- 3 |  4- 6 || total
-------------------------+-------+-------++-------
Melee: Dagger            |    75 |   192 ||   267
       Tailslap          |     6 |    25 ||    31
       Short sword       |     7 |       ||     7
 Cast: Corona            |    20 |       ||    20
       Ensorcelled Hiber |     4 |    38 ||    42
  Use: Scroll            |     3 |     2 ||     5
       Potion            |       |     2 ||     2
 Stab: Sleeping          |     3 |    23 ||    26
Armor: Skin              |    41 |    48 ||    89
Dodge: Dodged            |    75 |   127 ||   202

Table legend: (Time is in decaauts)
 A = Elapsed time spent in this place.
 B = Non-inter-level travel time spent in this place.
 C = Inter-level travel time spent in this place.
 D = Time resting spent in this place.
 E = Time spent auto-exploring this place.
 F = Levels seen in this place.
 G = Mean time per level.
                   A        B        C        D        E       F      G
               +--------+--------+--------+--------+--------+-----+--------+
         Total |   4601 |   4406 |    195 |   1469 |   2212 |   3 | 1533.7 |
       Dungeon |   4601 |   4406 |    195 |   1469 |   2212 |   3 | 1533.7 |
               +--------+--------+--------+--------+--------+-----+--------+

Top non-repeatable levels by time:
     D:1: 2098 daAuts
     D:2: 1676 daAuts
     D:3: 827 daAuts
